 Dungeon Crawl Stone Soup version 0.30.1-8-g117510f58f (webtiles) character file.

Game seed: 3708765642405657994

1632 soggyman666 the Thaumaturge (level 9, -5/55 HPs)
             Began as a Djinni Fire Elementalist on Sept 24, 2023.
             Engulfed by a cloud of flame (7 damage)
             ... on level 6 of the Dungeon.
             The game lasted 00:14:36 (5941 turns).

soggyman666 the Thaumaturge (DjFE)                  Turns: 5941, Time: 00:14:36

Health: -5/55      AC:  3    Str:  7    XL:     9   Next: 18%
Gold:   242        EV: 13    Int: 21    God:
                   SH:  0    Dex: 14

rFire   + + .        (no weapon)
rCold   x . .        (no shield)
rNeg    . . .        a - +1 robe
rPois   ∞            (no helmet)
rElec   .            (no cloak)
rCorr   +            (no gloves)
SInv    .            (boots unavailable)
Will    .....        h - amulet of faith
Stlth   ++           e - ring of resist corrosion
HPRegen 0.29/turn    (no ring)
MPRegen 0.00/turn

%: faith, infuse magic (-6 HP)
@: flying
A: sickness immunity, fire resistance 2, cold vulnerability 1, float, innate
caster, HP casting, extra vitality 1
a: no special abilities


You were on level 6 of the Dungeon.
You visited 1 branch of the dungeon, and saw 6 of its levels.

You collected 242 gold pieces.

Inventory:

Armour
 a - a +1 robe (worn)
Jewellery
 e - a ring of resist corrosion (left hand)
 h - an amulet of faith (around neck)
Wands
 g - a wand of paralysis (5)
 r - a wand of polymorph (2)
Scrolls
 c - a scroll of fog
 i - 2 scrolls of poison
 j - a scroll of fear {unknown}
 l - 2 scrolls of immolation {unknown}
 m - 2 scrolls of teleportation {unknown}
 n - 3 scrolls of identify
 p - a scroll of torment {unknown}
Potions
 b - 2 potions of attraction {unknown}
 d - 2 potions of mutation {unknown}
 f - 2 potions of brilliance {unknown}
 k - a potion of degeneration {unknown}
 o - a potion of cancellation {unknown}
 q - a potion of haste {unknown}
 s - 2 potions of flight {unknown}


   Skills:
 + Level 3.2 Dodging
 - Level 1.8 Stealth
 + Level 8.6 Spellcasting


You knew the following spells:

 Your Spells              Type           Power      Damage    Failure   Level
a - Foxfire               Conj/Fire      100%       2x1d9     1%          1
b - Scorch                Fire           90%        2d8       1%          2
c - Volatile Blastmotes   Fire/Tloc      90%        2d17      1%          3
d - Inner Flame           Hex/Fire       45%        N/A       1%          3
e - Flame Wave            Conj/Fire      45%        2d12      1%          4
f - Summon Small Mammal   Summ           100%       N/A       1%          1
g - Momentum Strike       Conj/Tloc      90%        3d10      1%          2
h - Ignite Poison         Fire/Tmut/Pois 45%        N/A       1%          3
i - Hailstorm             Conj/Ice       45%        3d10      1%          3
Your spell library was empty.

Dungeon Overview and Level Annotations

Branches:
Dungeon (6/15)
 Temple: D:4-7

Altars:
Gozag
Zin

Shops:
D:3 [

Annotations:
D:4 3 runed translucent doors, wingedge's ghost, amateur DgEE


Innate Abilities, Weirdness & Mutations

You are immune to sickness and miasma.
You are immune to poison.
Your flesh is very heat resistant. (rF++)
You are vulnerable to cold. (rC-)
You float through the air rather than walking.
You learn spells naturally, not from books.
Your magical power is your life essence.
You have superior vitality. (+4 MHP)


Message History

Confirm with . or Enter, or press ? or * to list all spells.
Okay, then.
Casting: Flame Wave (dangerous; 1% risk of failure)
Confirm with . or Enter, or press ? or * to list all spells.
Restarting spell: Flame Wave (dangerous; 1% risk of failure)
Press: ? - help, Dir - look around, f - activate A wave of flame ripples out!
The flame wave engulfs your foxfire.
Your foxfire completely resists. (Press . to intensify the flame waves.)
Casting: Flame Wave (dangerous; 1% risk of failure)
Confirm with . or Enter, or press ? or * to list all spells.
Restarting spell: Flame Wave (dangerous; 1% risk of failure)
Press: ? - help, Dir - look around, f - activate A wave of flame ripples out!
The flame wave engulfs your foxfire.
Your foxfire completely resists. (Press . to intensify the flame waves.)
Casting: Flame Wave (dangerous; 1% risk of failure)
Confirm with . or Enter, or press ? or * to list all spells.
You don't know that spell.
Okay, then.
Casting: Flame Wave (dangerous; 1% risk of failure)
Confirm with . or Enter, or press ? or * to list all spells.
Restarting spell: Flame Wave (dangerous; 1% risk of failure)
Press: ? - help, Dir - look around, f - activate A wave of flame ripples out! (Press . to intensify the flame waves.)
* * * LOW HITPOINT WARNING * * *
Unknown command.
Casting: Flame Wave (dangerous; 1% risk of failure)
Confirm with . or Enter, or press ? or * to list all spells.
Restarting spell: Flame Wave (dangerous; 1% risk of failure)
Press: ? - help, Dir - look around, f - activate A wave of flame ripples out!
The flame wave engulfs the orc! (Press . to intensify the flame waves.)
* * * LOW HITPOINT WARNING * * *
The orc explodes!
The fiery explosion engulfs you! You resist.
* * * LOW HITPOINT WARNING * * *
You are engulfed in blazing flames.
You resist.
You die...

#################
#.)...[..).).....
#.##########..###
#.# o.. #.# ≈ #§#
#§# #@# #.# #<#
..$§)...#
..#######


There were no monsters in sight!

Vanquished Creatures
  Eustachio (D:5)
  A steam dragon (D:6)
  Duvessa (D:5)
  A water moccasin (D:5)
  Pargi (D:3)
  An orc warrior (D:6)
  A phantom (D:5)
  3 wights (D:5)
  Dowan (D:5)
  A howler monkey (D:3)
  3 vampire bats (D:3)
  3 hounds
  An orc priest (D:4)
  A jelly (D:5)
  3 iguanas (D:4)
  4 orc wizards
  7 adders
  2 white imps
  2 worms
  3 dart slugs
  24 orcs
  12 bats
  3 endoplasms
  2 giant cockroaches
  10 goblins
  6 hobgoblins
  7 kobolds
  4 quokkas
  9 ball pythons
  7 frilled lizards
  5 rats
130 creatures vanquished.

Vanquished Creatures (others)
  516 foxfires
516 creatures vanquished.

Grand Total: 646 creatures vanquished

Notes
Turn   | Place    | Note
-------+----------+-------------------------------------------
     0 | D:1      | soggyman666 the Djinni Fire Elementalist began the quest
                  | for the Orb.
     0 | D:1      | soggyman666 set off with the following spells memorised:
                  | Foxfire, Scorch, Volatile Blastmotes, Inner Flame, Flame
                  | Wave.
     0 | D:1      | Reached XP level 1. HP: 15/15 MP: 0/0
   136 | D:1      | Reached XP level 2. HP: 16/21 MP: 0/0
   524 | D:1      | Reached skill level 3 in Spellcasting
   790 | D:1      | Reached XP level 3. HP: 21/25 MP: 0/0
   790 | D:1      | Learned a level 1 spell: Summon Small Mammal
  1510 | D:2      | Reached XP level 4. HP: 23/31 MP: 0/0
  1983 | D:2      | Identified the +7 ring mail of the Eight Xenops {rN+ Slay+2
                  | SInv}
  2271 | D:2      | Reached XP level 5. HP: 31/35 MP: 0/0
  2271 | D:2      | Learned a level 2 spell: Momentum Strike
  2405 | D:3      | Reached skill level 4 in Spellcasting
  2476 | D:3      | Reached XP level 6. HP: 30/40 MP: 0/0
  2479 | D:3      | Reached skill level 5 in Spellcasting
  2573 | D:3      | Found Zucsap's Armour Shoppe.
  2576 | D:3      | Noticed Pargi
  2582 | D:3      | Killed Pargi
  2637 | D:3      | Reached XP level 7. HP: 43/45 MP: 0/0
  2637 | D:3      | Learned a level 3 spell: Ignite Poison
  3451 | D:4      | You are sucked into a shaft and drop 2 floors!
  3512 | D:5      | Entered Level 5 of the Dungeon
  3585 | D:5      | Noticed Eustachio
  3626 | D:5      | Reached skill level 6 in Spellcasting
  4012 | D:4      | Found a runed translucent gate.
  4013 | D:4      | Found a runed translucent gate.
  4014 | D:4      | Found a runed translucent gate.
  4117 | D:4      | Reached XP level 8. HP: 23/50 MP: 0/0
  4365 | D:4      | Noticed wingedge's ghost (amateur DgEE)
  4675 | D:5      | Killed Eustachio
  4676 | D:5      | Reached skill level 7 in Spellcasting
  4930 | D:5      | Found an opulent altar of Gozag.
  4930 | D:5      | Noticed Dowan
  4933 | D:5      | Noticed Duvessa
  4935 | D:5      | Killed Dowan
  4942 | D:5      | Killed Duvessa
  5104 | D:5      | Found a glowing silver altar of Zin.
  5446 | D:5      | Reached skill level 8 in Spellcasting
  5615 | D:6      | Reached XP level 9. HP: 43/55 MP: 0/0
  5615 | D:6      | Learned a level 3 spell: Hailstorm
  5941 | D:6      | HP: 2/55 [spore (9)]
  5941 | D:6      | Engulfed by a cloud of flame

Illustrated notes

Levels and vault maps discovered:
D:1:      wheals_arrival_shading, layout_basic, interstate_on_off
D:2:      layout_loops_corners
D:3:      layout_basic, serial_shops, shop, minmay_hedge_maze, roderic_batcave,
          uniq_pargi
D:4:      layout_rooms, gammafunk_ghost_icy
D:5:      layout_loops_ring, grunt_temple_overflow_gold_and_silver,
          kennysheep_generic_room_13, uniq_duvessa, uniq_eustachio
D:6:      layout_loops_ring, kennysheep_ying_yang, mainiacjoe_overflow_brackets,
          minmay_temple_entry_glass

Skill      XL: |  1  2  3  4  5  6  7  8 |
---------------+-------------------------+-----
Spellcasting   | 3 4 5 6 8 |  8.6
Dodging        | 3 |  3.2
Stealth        | |  1.8

Action                     |  1- 3 |  4- 6 |  7- 9 || total
---------------------------+-------+-------+-------++-------
   Cast: Foxfire           |    89 |    73 |   167 ||   329
         Scorch            |     5 |    16 |    69 ||    90
         Volatile Blastmot |       |       |    10 ||    10
         Flame Wave        |       |       |     5 ||     5
         Inner Flame       |       |       |     1 ||     1
    Use: Scroll            |     2 |     1 |     3 ||     6
 Armour: Robe              |     1 |     2 |     2 ||     5
  Dodge: Dodged            |     5 |     3 |    18 ||    26
